 Dungeon Crawl Stone Soup version 0.31-a0-277-g31ea1f65cc (webtiles) character file.

Game seed: 8520966616062723269

37 Ofeo the Changeling (level 3, 0/30 HPs)
             Began as a Draconian Shapeshifter on July 16, 2023.
             Slain by a worm (10 damage)
             ... on level 2 of the Dungeon.
             The game lasted 00:00:44 (938 turns).

Ofeo the Changeling (Draconian Shapeshifter)         Turns: 938, Time: 00:00:45

Health: 0/30       AC:  5    Str: 19    XL:     3   Next: 21%
Magic:  3/3        EV: 12    Int:  8    God:
Gold:   57         SH:  0    Dex: 11    Spells: 2/2 levels left

rFire   . .          .
                       - Unarmed
rCold   + . .        (no shield)
rNeg    . . .        (body armour unavailable)
rPois   .            (helmet currently unavailable)
rElec   .            (cloak currently unavailable)
rCorr   .            (gloves currently unavailable)
SInv    .            (boots currently unavailable)
Will    .....        (no amulet)
Stlth   +            e - ring of protection from cold
HPRegen 0.25/turn    (no ring)
MPRegen 0.08/turn

%: no passive effects
@: beast-form
A: beast (slay +2), AC +5, unfitting armour, cold-blooded
a: Begin Untransformation


You were on level 2 of the Dungeon.
You were a hulking beast.
You visited 1 branch of the dungeon, and saw 2 of its levels.

You collected 57 gold pieces.

Inventory:

Jewellery
 e - a ring of protection from cold (left hand)
Talismans
 b - a beast talisman
Scrolls
 d - a scroll of revelation {unknown}
Potions
 a - a potion of lignification
 c - 2 potions of might {unknown}


   Skills:
 + Level 2.7 Fighting
 + Level 2.2 Dodging
 + Level 2.4 Unarmed Combat
 + Level 3.2 Shapeshifting


You had 2 spell levels left.
You didn't know any spells.
Your spell library was empty.

Dungeon Overview and Level Annotations

Branches:
Dungeon (2/15)

Altars:


Innate Abilities, Weirdness & Mutations

You are a hulking beast.
Your limbs bulge with bestial killing power. (Slay +2)
Your plain brown scales are hard. (AC +5)
You cannot fit into any form of body armour.
You are cold-blooded and may be slowed by cold attacks.


Message History

There are monsters nearby!
There are monsters nearby!
The adder closely misses you.
You hit the adder but do no damage. The adder bites you. The worm bites you.
You take 7 damage, and have 18/25 hp.
MASSIVE DAMAGE!!
You barely miss the adder.
Your tail-slap misses the adder.
The adder barely misses you.
You closely miss the adder. The adder bites you. The worm closely misses you.
The adder bites you.
You take 1 damage, and have 17/25 hp.
You barely miss the adder. You tail-slap the adder.
The adder is moderately wounded.
The adder bites you but does no damage.
You hit the adder.
The adder is almost dead.
The adder barely misses you. The worm bites you but does no damage.
You hit the adder.
You kill the adder!
The worm bites you!
You have reached level 3!
Your experience leads to an increase in your attributes!
Increase (s)trength, (i)ntelligence, or (d)exterity?
You feel stronger. x2; Your scales feel tougher.
You take 7 damage, and have 10/30 hp.
MASSIVE DAMAGE!!
MP restored: 3 You hit the worm but do no damage.
You hit the worm but do no damage. The worm bites you.
* * * LOW HITPOINT WARNING * * *
You take 1 damage, and have 9/30 hp.
You punch the worm! You tail-slap the worm. You punch the worm.
The worm is severely wounded.
You completely miss the worm.
The worm is severely wounded.
The worm bites you but does no damage.
You hit the worm but do no damage.
The worm is heavily wounded.
You barely miss the worm.
The worm is heavily wounded.
The worm bites you!
You die...

# #.. ##
###.... #.
.....
#.##..#
#.#.#<..#
#...h.###
#..w........
#..#####....
>... ...
#### #


You could see a worm.

Vanquished Creatures
  An adder (D:2)
  A dart slug (D:1)
  2 ball pythons (D:1)
  5 endoplasms (D:1)
  2 giant cockroaches (D:1)
  4 hobgoblins (D:1)
  A quokka (D:1)
  3 bats (D:1)
  3 frilled lizards (D:1)
  A kobold (D:1)
  A rat (D:1)
24 creatures vanquished.

Notes
Turn   | Place    | Note
-------+----------+-------------------------------------------
     0 | D:1      | Ofeo the Draconian Shapeshifter began the quest for the
                  | Orb.
     0 | D:1      | Reached XP level 1. HP: 17/17 MP: 1/1
   245 | D:1      | Reached XP level 2. HP: 25/25 MP: 2/2
   933 | D:2      | Reached XP level 3. HP: 10/30 MP: 3/3
   938 | D:2      | Slain by a worm

Illustrated notes

Levels and vault maps discovered:
D:1:      erik_arrival_cave_to_civilisation [erik_arrival_cave_to_hall],
          layout_basic, dreamdust_mushroom_princess
D:2:      layout_basic, st_stairs_1

Skill      XL: |  1 |
---------------+----+-----
Dodging        | 2 |  2.2
Fighting       | |  2.7
Unarmed Combat | |  2.4
Shapeshifting  | |  3.2

Action                     || total
---------------------------++-------
  Melee: Unarmed           ||    70
         Tailslap          ||     7
         Punch             ||     3
 Armour: Skin              ||    18
  Dodge: Dodged            ||    34

Table legend: (Time is in decaauts)
 A = Elapsed time spent in this place.
 B = Non-inter-level travel time spent in this place.
 C = Inter-level travel time spent in this place.
 D = Time resting spent in this place.
 E = Time spent auto-exploring this place.
 F = Levels seen in this place.
 G = Mean time per level.
                   A        B        C        D        E       F      G
               +--------+--------+--------+--------+--------+-----+--------+
         Total |    934 |    915 |     19 |      0 |    768 |   2 |  467.0 |
       Dungeon |    934 |    915 |     19 |      0 |    768 |   2 |  467.0 |
               +--------+--------+--------+--------+--------+-----+--------+

Top non-repeatable levels by time:
     D:1: 922 daAuts
     D:2: 12 daAuts
